MWL (24 & UNDER)
LITTLE ROCK LEMMIWINKS @ MANHATTEN MEATHEADS
05/18/2030
 
TOP OF THE 1ST
Little Rock Lemmiwinks batting - Pitching for Manhatten Meatheads : LHP Jorge Viera
Pitching: LHP Jorge Viera
Batting: LHB Cisco Salazar 0-0: Called Strike
0-1: Called Strike
0-2: Ball
1-2: SOLO HOME RUN (Flyball, 9LD), Distance : 338 ft
Batting: RHB Germán Vargas 0-0: Ball
1-0: Ground out U3 (Groundball, 34)
Batting: RHB Eduardo Rojas 0-0: Ball
1-0: Foul Ball, location: 2F
1-1: Foul Ball, location: 2F
1-2: Strikes out looking
Batting: RHB Kokaji Ridha 0-0: Swinging Strike
0-1: Swinging Strike
0-2: Ball
1-2: Strikes out looking
Top of the 1st over - 1 run, 1 hit, 0 errors, 0 left on base; Little Rock 1 - Manhatten 0
BOTTOM OF THE 1ST
Manhatten Meatheads batting - Pitching for Little Rock Lemmiwinks : LHP Charlie Black
Pitching: LHP Charlie Black
Batting: LHB Wayne Rogers 0-0: Called Strike
0-1: Ground out 3-1 (Groundball, 34S)
Batting: SHB Manuel Díaz 0-0: Ground out U3 (Groundball, 34)
Batting: RHB César Castillo 0-0: Ball
1-0: Ball
2-0: Swinging Strike
2-1: Ground out 6-3 (Groundball, 6)
Bottom of the 1st over - 0 runs, 0 hits, 0 errors, 0 left on base; Little Rock 1 - Manhatten 0
TOP OF THE 2ND
Little Rock Lemmiwinks batting - Pitching for Manhatten Meatheads : LHP Jorge Viera
Batting: RHB Roberto Valdéz 0-0: Ball
1-0: Foul Ball, location: 2F
1-1: Fly out, F7 (Flyball, 7D)
Batting: RHB José Rodríguez 0-0: Called Strike
0-1: Ball
1-1: Ball
2-1: Ground out 4-3 (Groundball, 4)
Batting: RHB Artie Mills 0-0: Called Strike
0-1: Fly out, F8 (Flyball, 89M)
Top of the 2nd over - 0 runs, 0 hits, 0 errors, 0 left on base; Little Rock 1 - Manhatten 0
BOTTOM OF THE 2ND
Manhatten Meatheads batting - Pitching for Little Rock Lemmiwinks : LHP Charlie Black
Batting: RHB León Reynoso 0-0: Called Strike
0-1: Swinging Strike
0-2: Ball
1-2: Strikes out looking
Batting: RHB Vicente Guerra 0-0: Called Strike
0-1: Swinging Strike
0-2: Ball
1-2: Foul Ball, location: 2F
1-2: Strikes out swinging
Batting: RHB Ricardo Medina 0-0: Ground out 6-3 (Groundball, 6)
Bottom of the 2nd over - 0 runs, 0 hits, 0 errors, 0 left on base; Little Rock 1 - Manhatten 0
TOP OF THE 3RD
Little Rock Lemmiwinks batting - Pitching for Manhatten Meatheads : LHP Jorge Viera
Batting: RHB Carlos Estrada 0-0: Ball
1-0: Ground out 6-3 (Groundball, 6)
Batting: RHB Norberto Gallardo 0-0: SINGLE (Groundball, 56D)
Batting: LHB Cisco Salazar 0-0: Called Strike
0-1: Ball
1-1: SINGLE (Groundball, 3D)
Norberto Gallardo to second
Runner from 2nd tries for 3rd, SAFE, no throw
Batting: RHB Germán Vargas 0-0: Foul Ball, location: 2F
0-1: Foul Ball, location: 2F
0-2: Ball
1-2: Ball
2-2: Foul Ball, location: 2F
2-2: Ball
3-2: Foul Ball, location: 2F
3-2: Foul Ball, location: 2F
3-2: Strikes out swinging
Batting: RHB Eduardo Rojas 0-0: Fly out, F7 (Flyball, 78M)
Top of the 3rd over - 0 runs, 2 hits, 0 errors, 2 left on base; Little Rock 1 - Manhatten 0
BOTTOM OF THE 3RD
Manhatten Meatheads batting - Pitching for Little Rock Lemmiwinks : LHP Charlie Black
Batting: RHB Ronald Cleveland 0-0: Ball
1-0: Called Strike
1-1: Foul Ball, location: 2F
1-2: Ball
2-2: Fly out, F7 (Flyball, 7)
Batting: RHB Juan Blanco 0-0: Ball
1-0: Called Strike
1-1: Swinging Strike
1-2: Ball
2-2: Foul Ball, location: 2F
2-2: Ball
3-2: Strikes out swinging
Batting: RHB Ralph Fitzgerald 0-0: Ground out 4-3 (Groundball, 4M)
Bottom of the 3rd over - 0 runs, 0 hits, 0 errors, 0 left on base; Little Rock 1 - Manhatten 0
TOP OF THE 4TH
Little Rock Lemmiwinks batting - Pitching for Manhatten Meatheads : LHP Jorge Viera
Batting: RHB Kokaji Ridha 0-0: Called Strike
0-1: Swinging Strike
0-2: Strikes out looking
Batting: RHB Roberto Valdéz 0-0: Ground out 5-3 (Groundball, 5S)
Batting: RHB José Rodríguez 0-0: Ball
1-0: Foul Ball, location: 2F
1-1: Fly out, F4 (Popup, 34D)
Top of the 4th over - 0 runs, 0 hits, 0 errors, 0 left on base; Little Rock 1 - Manhatten 0
BOTTOM OF THE 4TH
Manhatten Meatheads batting - Pitching for Little Rock Lemmiwinks : LHP Charlie Black
Batting: LHB Wayne Rogers 0-0: Swinging Strike
0-1: Foul Ball, location: 2F
0-2: Ball
1-2: Strikes out swinging
Batting: SHB Manuel Díaz 0-0: Swinging Strike
0-1: Ball
1-1: Ball
2-1: Ball
3-1: SINGLE (Line Drive, 8RS)
Batting: RHB César Castillo 0-0: Ball
Manuel Díaz is caught stealing 2nd base
1-0: Called Strike
1-1: Foul Ball, location: 2F
1-2: Ball
2-2: SINGLE (Line Drive, 4MD)
Batting: RHB León Reynoso 0-0: Ball
1-0: Ball
2-0: Ground out 1-3 (Groundball, 15)
Bottom of the 4th over - 0 runs, 2 hits, 0 errors, 1 left on base; Little Rock 1 - Manhatten 0
TOP OF THE 5TH
Little Rock Lemmiwinks batting - Pitching for Manhatten Meatheads : LHP Jorge Viera
Batting: RHB Artie Mills 0-0: Called Strike
0-1: Ball
1-1: Called Strike
1-2: Strikes out swinging
Batting: RHB Carlos Estrada 0-0: Ball
1-0: Called Strike
1-1: Foul Ball, location: 2F
1-2: Strikes out swinging
Batting: RHB Norberto Gallardo 0-0: Ball
1-0: Reached on error, E6 (Groundball, 6)
Batting: LHB Cisco Salazar 0-0: Called Strike
0-1: Ball
1-1: Ground out 4-3 (Groundball, 4)
Top of the 5th over - 0 runs, 0 hits, 1 error, 1 left on base; Little Rock 1 - Manhatten 0
BOTTOM OF THE 5TH
Manhatten Meatheads batting - Pitching for Little Rock Lemmiwinks : LHP Charlie Black
Batting: RHB Vicente Guerra 0-0: Foul Ball, location: 2F
0-1: Ball
1-1: Swinging Strike
1-2: SINGLE (Groundball, 6MD)
Batting: RHB Ricardo Medina 0-0: Called Strike
0-1: Swinging Strike
0-2: Strikes out swinging
Batting: RHB Ronald Cleveland 0-0: Fielders Choice at 2nd, 5-4 (Groundball, 5)
Batting: RHB Juan Blanco 0-0: Ball
1-0: Ball
2-0: Ball
3-0: Called Strike
3-1: Fly out, F5 (Line Drive, 56)
Bottom of the 5th over - 0 runs, 1 hit, 0 errors, 1 left on base; Little Rock 1 - Manhatten 0
TOP OF THE 6TH
Little Rock Lemmiwinks batting - Pitching for Manhatten Meatheads : LHP Jorge Viera
Batting: RHB Germán Vargas 0-0: Ball
1-0: Foul Ball, location: 2F
1-1: SINGLE (Groundball, 4MD)
Batting: RHB Eduardo Rojas 0-0: Foul Ball, location: 2F
0-1: Ball
1-1: Foul Ball, location: 2F
1-2: Strikes out swinging
Batting: RHB Kokaji Ridha 0-0: Called Strike
0-1: SINGLE (Flyball, 89S)
Germán Vargas to second
Batting: RHB Roberto Valdéz 0-0: Ball
1-0: Ball
2-0: Foul Ball, location: 2F
2-1: Foul Ball, location: 2F
2-2: Fly out, F8 (Flyball, 8LM)
Batting: RHB José Rodríguez 0-0: Ball
1-0: Called Strike
1-1: Called Strike
1-2: Ball
2-2: Ball
3-2: Foul Ball, location: 2F
3-2: Ground out 4-3 (Groundball, 4S)
Top of the 6th over - 0 runs, 2 hits, 0 errors, 2 left on base; Little Rock 1 - Manhatten 0
BOTTOM OF THE 6TH
Manhatten Meatheads batting - Pitching for Little Rock Lemmiwinks : LHP Charlie Black
Batting: RHB Ralph Fitzgerald 0-0: Called Strike
0-1: Ground out 5-3 (Groundball, 56S)
Batting: LHB Wayne Rogers 0-0: Called Strike
0-1: Ball
1-1: Foul Ball, location: 2F
1-2: Ball
2-2: Foul Ball, location: 2F
2-2: Fly out, F3 (Line Drive, 3L)
Batting: SHB Manuel Díaz 0-0: Ball
1-0: Foul Ball, location: 2F
1-1: Fly out, F3 (Popup, 3F)
Bottom of the 6th over - 0 runs, 0 hits, 0 errors, 0 left on base; Little Rock 1 - Manhatten 0
TOP OF THE 7TH
Little Rock Lemmiwinks batting - Pitching for Manhatten Meatheads : LHP Jorge Viera
Batting: RHB Artie Mills 0-0: Ball
1-0: Foul Ball, location: 2F
1-1: Foul Ball, location: 2F
1-2: SINGLE (Groundball, 4MD)
Batting: RHB Carlos Estrada 0-0: Fielders Choice at 2nd, 6-4 (Groundball, 6M)
Pinch Hitting: RHB Jack Crossey 0-0: Ball
1-0: Foul Ball, location: 2F
1-1: Ball
2-1: Called Strike
2-2: Fly out, F9 (Flyball, 9LD)
Pinch Hitting: RHB Albert Galindo 0-0: Swinging Strike
0-1: Ball
1-1: Ball
2-1: Foul Ball, location: 2F
2-2: Strikes out swinging
Top of the 7th over - 0 runs, 1 hit, 0 errors, 1 left on base; Little Rock 1 - Manhatten 0
BOTTOM OF THE 7TH
Manhatten Meatheads batting - Pitching for Little Rock Lemmiwinks : LHP Charlie Black
Now in LF: Francisco Gonzáles
Now in RF: Albert Galindo
Batting: RHB César Castillo 0-0: Called Strike
0-1: Fly out, F7 (Flyball, 78D)
Batting: RHB León Reynoso 0-0: Called Strike
0-1: Ball
1-1: Swinging Strike
1-2: Strikes out looking
Batting: RHB Vicente Guerra 0-0: Foul Ball, location: 2F
0-1: Ball
1-1: Called Strike
1-2: Foul Ball, location: 2F
1-2: Ball
2-2: SINGLE (Line Drive, 7S)
Batting: RHB Ricardo Medina 0-0: Ball
1-0: Swinging Strike
1-1: Fielders Choice at 2nd, 6-4 (Groundball, 6)
Bottom of the 7th over - 0 runs, 1 hit, 0 errors, 1 left on base; Little Rock 1 - Manhatten 0
TOP OF THE 8TH
Little Rock Lemmiwinks batting - Pitching for Manhatten Meatheads : RHP Clinton King
Pitching: RHP Clinton King
Batting: RHB Germán Vargas 0-0: Foul Ball, location: 2F
0-1: Swinging Strike
0-2: Strikes out looking
Batting: RHB Eduardo Rojas 0-0: Foul Ball, location: 2F
0-1: Ball
1-1: Foul Ball, location: 2F
1-2: Strikes out swinging
Batting: RHB Kokaji Ridha 0-0: Ball
1-0: Ball
2-0: Ball
3-0: Base on Balls
Pinch Hitting: LHB Ryan Martin 0-0: Ball
Kokaji Ridha steals 2nd base
1-0: Ball
Kokaji Ridha steals 3rd base
2-0: Called Strike
2-1: Fly out, F7 (Flyball, 7S)
Top of the 8th over - 0 runs, 0 hits, 0 errors, 1 left on base; Little Rock 1 - Manhatten 0
BOTTOM OF THE 8TH
Manhatten Meatheads batting - Pitching for Little Rock Lemmiwinks : LHP Charlie Black
Now at 1B: José Pérez
Batting: RHB Ronald Cleveland 0-0: Ground out 4-3 (Groundball, 34D)
Batting: RHB Juan Blanco 0-0: Foul Ball, location: 2F
0-1: Ball
1-1: Called Strike
1-2: Foul Ball, location: 2F
1-2: Foul Ball, location: 2F
1-2: Strikes out swinging
Batting: RHB Ralph Fitzgerald 0-0: Called Strike
0-1: Called Strike
0-2: Foul Ball, location: 2F
0-2: Ball
1-2: Strikes out swinging, 2-3 out at first.
Bottom of the 8th over - 0 runs, 0 hits, 0 errors, 0 left on base; Little Rock 1 - Manhatten 0
TOP OF THE 9TH
Little Rock Lemmiwinks batting - Pitching for Manhatten Meatheads : RHP Clinton King
Pitching: RHP Dave Mitchell
Batting: RHB José Rodríguez 0-0: Ball
1-0: Ball
2-0: Called Strike
2-1: Called Strike
2-2: Foul Ball, location: 2F
2-2: Foul Ball, location: 2F
2-2: Strikes out swinging
Batting: RHB Artie Mills 0-0: Called Strike
0-1: Foul Ball, location: 2F
0-2: Ball
1-2: Strikes out swinging
Batting: RHB Carlos Estrada 0-0: Ball
1-0: Foul Ball, location: 2F
1-1: Ground out 6-3 (Groundball, 6)
Top of the 9th over - 0 runs, 0 hits, 0 errors, 0 left on base; Little Rock 1 - Manhatten 0
BOTTOM OF THE 9TH
Manhatten Meatheads batting - Pitching for Little Rock Lemmiwinks : LHP Charlie Black
Pinch Hitting: RHB Manny Velásquez 0-0: Ball
1-0: Ball
2-0: Swinging Strike
2-1: Foul Ball, location: 2F
2-2: Foul Ball, location: 2F
2-2: Ground out 6-3 (Groundball, 6)
Pitching: LHP José Aragón
Batting: SHB Manuel Díaz 0-0: Fly out, F9 (Flyball, 9)
Batting: RHB César Castillo 0-0: Ball
1-0: Ball
2-0: Called Strike
2-1: Ball
3-1: Foul Ball, location: 2F
3-2: SINGLE (Line Drive, 6D)
Batting: RHB León Reynoso 0-0: Foul Ball, location: 2F
0-1: Called Strike
0-2: SINGLE (Line Drive, 9LM)
César Castillo to second
Runner from 2nd tries for 3rd, SAFE, no throw
Batting: RHB Vicente Guerra 0-0: Ball
1-0: Ball
2-0: Ball
3-0: Base on Balls
León Reynoso to second
Batting: RHB Ricardo Medina 0-0: Ball
1-0: Called Strike
1-1: Ball
2-1: Foul Ball, location: 2F
2-2: Strikes out swinging
Bottom of the 9th over - 0 runs, 2 hits, 0 errors, 3 left on base; Little Rock 1 - Manhatten 0
Saturday, April 7th, 2018 - OOTP Baseball 18.8 Build 76